 Dungeon Crawl Stone Soup version 0.22-a0-21-g9421e3f (webtiles) character file.

95 shenanigans the Skirmisher (level 4, -7/35 HPs)
             Began as a Barachi Skald on Jan 2, 2018.
             Mangled by a gnoll
             ... wielding a +0 halberd
              (8 damage)
             ... on level 2 of the Dungeon.
             The game lasted 00:03:51 (1933 turns).

shenanigans the Skirmisher (Barachi Skald)          Turns: 1933, Time: 00:03:52

Health: -7/35      AC: 12    Str: 13    XL:     4   Next: 65%
Magic:  7/7        EV:  4    Int: 14    God:
Gold:   148        SH:  0    Dex: 11    Spells: 6/7 levels left

rFire    . . .     SeeInvis .   a - +0 hand axe
rCold    . . .     Gourm    .   (no shield)
rNeg     . . .     Faith    .   p - +0 plate armour (curse)
rPois    .         Spirit   .   (no helmet)
rElec    .         Reflect  .   (no cloak)
rCorr    .         Harm     .   (no gloves)
MR       .....                  h - +0 pair of boots
Stlth    ..........             (no amulet)
HPRegen  0.11/turn              (no ring)
MPRegen  0.10/turn              (no ring)

@: slow
A: +LOS, swims, slowness 1, strong legs 1
a: Hop


You were on level 2 of the Dungeon.
You were very hungry.

You visited 1 branch of the dungeon, and saw 3 of its levels.

You collected 148 gold pieces.

Inventory:

Hand Weapons
 a - a +0 hand axe (weapon)
Missiles
 n - 2 tomahawks (quivered)
Armour
 b - a +0 leather armour
 h - a +0 pair of boots (worn)
 p - a cursed +0 plate armour (worn)
Jewellery
 g - an uncursed ring of magical power {unknown}
 q - an uncursed amulet of magic regeneration {unknown}
Scrolls
 e - a scroll of noise {unknown}
 f - a scroll of identify {unknown}
 l - a scroll of enchant weapon {unknown}
Potions
 i - a potion of cancellation {unknown}
 j - a potion of curing {unknown}
 k - a potion of lignification {unknown}
 o - a potion of agility {unknown}
Books
 c - a book of Battle

   Spells                             Type                      Level
   a - Infusion                       Charms                       1
   b - Shroud of Golubria             Charms/Translocation         2
   c - Song of Slaying                Charms                       2
   d - Spectral Weapon                Hexes/Charms                 3
   e - Regeneration                   Charms/Necromancy            3
 m - a book of Misfortune

   Spells                             Type                      Level
   a - Confusing Touch                Hexes                        1
   b - Confuse                        Hexes                        3
   c - Gell's Gravitas                Translocation                3
   d - Petrify                        Transmutation/Earth          4
   e - Metabolic Englaciation         Hexes/Ice                    5
   f - Yara's Violent Unravelling     Hexes/Transmutation          5
Comestibles
 d - 3 rations


   Skills:
 + Level 3.5 Fighting
 + Level 3.1 Axes
 + Level 2.7 Armour
 + Level 3.1 Dodging
 - Level 2.1 Spellcasting
 - Level 3.2 Charms


You had 6 spell levels left.
You knew the following spells:

 Your Spells              Type           Power        Failure   Level  Hunger
a - Infusion              Chrm           ##..         100%        1    #......


Dungeon Overview and Level Annotations

Branches:
Dungeon (3/15)

Altars:
Gozag
Qazlal

Shops:
D:3 *


Innate Abilities, Weirdness & Mutations

Shadows flee at your approach. (+LOS)
You can swim through water.
You cover ground slowly.
You can hop short distances.


Message History

You hit the gnoll.
The gnoll is heavily wounded.
The gnoll hits you but does no damage.
You hit the gnoll but do no damage.
The gnoll is heavily wounded.
The gnoll hits you with a halberd!
* * * LOW HITPOINT WARNING * * *
You hit the gnoll but do no damage.
The gnoll is heavily wounded.
The gnoll barely misses you.
Your plate armour prevents you from hitting the gnoll.
The gnoll is heavily wounded.
You closely miss the gnoll.
The gnoll is heavily wounded.
The gnoll hits you with a halberd!
* * * LOW HITPOINT WARNING * * *
You closely miss the gnoll.
The gnoll is heavily wounded.
The gnoll hits you with a halberd!
You die...

##.##....g.##.######
#.##.#######.##...#
###.##.# #......#
....##.# ####...#
.#####.# ##.##
....##g# #.#
.##.##.# #.#
.##.##.###########.#
.##.##..((.....g@..#
.##.##..############
......(.# .....(.##
###.#### ....# #####


You could see a gnoll.

Vanquished Creatures
  2 adders
  2 gnolls
  An ooze (D:1)
  A worm (D:2)
  A dart slug (D:1)
  A leopard gecko (D:1)
  6 bats
  3 giant cockroaches
  5 goblins
  10 hobgoblins
  3 frilled lizards
  6 kobolds
  5 rats
46 creatures vanquished.

Vanquished Creatures (others)
  A giant cockroach (D:1)
1 creature vanquished.

Grand Total: 47 creatures vanquished

Notes
Turn   | Place    | Note
-------+----------+-------------------------------------------
     0 | D:1      | shenanigans the Barachi Skald began the quest for the Orb.
     0 | D:1      | Reached XP level 1. HP: 17/17 MP: 3/3
   229 | D:1      | Reached XP level 2. HP: 23/23 MP: 5/5
   585 | D:1      | Reached XP level 3. HP: 29/29 MP: 6/6
   899 | D:2      | Found a stormy altar of Qazlal.
  1466 | D:3      | Reached XP level 4. HP: 35/35 MP: 7/7
  1527 | D:3      | Found Gozag's Platinum Reserve.
  1540 | D:3      | Found an opulent altar of Gozag.
  1932 | D:2      | HP: 1/35 [gnoll/halberd (8)]
  1933 | D:2      | Mangled by a gnoll

Vault maps used:
D:1:      erik_arrival_blinker_ship
D:2:      grunt_qazlal_sundering
D:3:      old_standard_altar, marbit_many_paths,
          nicolae_gozag_zags_fifth_avenue, uniq_jessica

Skill      XL: |  1  2  3  4 |
---------------+-------------+-----
Armour         | 2 |  2.7
Fighting       | 3 |  3.5
Axes           | 3 |  3.1
Dodging        | 3 |  3.1
Spellcasting   | |  2.1
Charms         | |  3.2

Action                   |  1- 3 |  4- 6 || total
-------------------------+-------+-------++-------
Melee: Hand axe          |   103 |    54 ||   157
 Cast: Infusion          |     6 |     2 ||     8
 Stab: Sleeping          |     1 |       ||     1
  Eat: Chunk             |     2 |     1 ||     3
Armor: Leather armour    |    23 |    15 ||    38
       Plate armour      |       |    27 ||    27
Dodge: Dodged            |   104 |    23 ||   127

Table legend:
 A = Spawn XP
 B = Non-spawn XP
 C = Spawn XP percentage of total XP
 D = Spawn monster count
 E = Non-spawn monster count
 F = Spawn count percentage of total count
 G = Total turns spent on level
                    A         B        C        D         E        F      G
               +---------+---------+-------+---------+---------+-------+---------
         Total |       0 |     136 |   0.0 |       0 |      47 |   0.0 |  1933
               +---------+---------+-------+---------+---------+-------+---------
           D:1 |       0 |      43 |   0.0 |       0 |      20 |   0.0 |   889
           D:2 |       0 |      50 |   0.0 |       0 |      15 |   0.0 |   740
           D:3 |       0 |      43 |   0.0 |       0 |      12 |   0.0 |   304
               +---------+---------+-------+---------+---------+-------+---------
